 Dungeon Crawl Stone Soup version 0.28-a0-10-g964c8b829e (webtiles) character file.

Game seed: 13308269587132587585

2037 tatocazan the Cleaver (level 9, 0/79 HPs)
             Began as a Minotaur Fighter on July 25, 2021.
             Was a High Priest of Uskayaw.
             Splashed by a jelly's acid (2 damage)
             ... on level 6 of the Dungeon.
             The game lasted 00:05:41 (5848 turns).

tatocazan the Cleaver (Minotaur Fighter)            Turns: 5848, Time: 00:05:41

Health: 0/79       AC:  2    Str: 24    XL:     9   Next: 4%
Magic:  8/8        EV:  6    Int:  5    God:    Uskayaw [*****.]
Gold:   250        SH: 11    Dex: 10    Spells: 8/8 levels left

rFire   . . .      SeeInvis .   a - +0 war axe
rCold   . . .      Faith    .   c - +0 kite shield
rNeg    . . .      Spirit   .   j - +0 chain mail
rPois   .          Reflect  .   (helmet restricted)
rElec   .          Harm     .   (no cloak)
rCorr   .          Rampage  .   (no gloves)
Will    .....                   (no boots)
Stlth   ..........              t - amulet of magic regeneration
HPRegen 0.23/turn               n - ring of flight
MPRegen 0.36/turn               (no ring)

@: mighty, corroded, flying
A: horns 2, retaliatory headbutt
a: Renounce Religion, Stomp, Line Pass, Grand Finale


You were on level 6 of the Dungeon.
You worshipped Uskayaw.
Uskayaw was noncommittal.
You visited 1 branch of the dungeon, and saw 6 of its levels.

You collected 250 gold pieces.

Inventory:

Hand Weapons
 a - a +0 war axe (weapon)
Armour
 b - a +0 scale mail
 c - a +0 kite shield (worn)
 j - a +0 chain mail (worn)
Jewellery
 n - a ring of flight (left hand)
 t - an amulet of magic regeneration (around neck)
 v - a +6 ring of dexterity
Wands
 r - a wand of flame (23)
Scrolls
 f - 5 scrolls of teleportation {unknown}
 h - a scroll of enchant armour {unknown}
 i - a scroll of immolation {unknown}
 k - a scroll of noise {unknown}
 o - 4 scrolls of amnesia {unknown}
 p - 2 scrolls of blinking {unknown}
 q - 4 scrolls of identify {unknown}
 w - a scroll of vulnerability {unknown}
Potions
 d - a potion of might
 e - 4 potions of curing
 g - a potion of brilliance {unknown}
 l - 3 potions of mutation {unknown}
 m - 4 potions of flight {unknown}
 s - 2 potions of attraction {unknown}
 u - a potion of heal wounds {unknown}


   Skills:
 + Level 7.3 Fighting
 * Level 9.3 Axes
 + Level 7.3 Armour
 + Level 7.3 Shields


You had 8 spell levels left.
You didn't know any spells.
Your spell library contained the following spells:

 Spells                   Type           Power      Damage    Failure   Level
 Corona                   Hex            0%         N/A       100%        1
 Corpse Rot               Necr/Air       N/A        N/A       100%        2
 Ensorcelled Hibernation  Hex/Ice        0%         N/A       100%        2
 Tukima's Dance           Hex            0%         N/A       100%        3
 Airstrike                Air            0%         N/A       100%        4
 Dispel Undead            Necr           0%         3d6       100%        4
 Summon Lightning Spire   Summ/Air       0%         N/A       100%        4
 Lightning Bolt           Conj/Air       0%         1d11      100%        5
 Death Channel            Necr           0%         N/A       100%        6


Dungeon Overview and Level Annotations

Branches:
Dungeon (6/15)
 Temple: D:4-7

Altars:
Qazlal
Sif Muna
Uskayaw
Yredelemnul

Annotations:
D:6 1 exclusion


Innate Abilities, Weirdness & Mutations

You have a pair of horns on your head.
You reflexively headbutt those who attack you in melee.


Message History

You hit the slime creature but do no damage.
Your headbutt misses the slime creature.
The slime creature is almost dead.
The slime creature hits you.
* * * LOW HITPOINT WARNING * * *
You take 5 damage, and have 13/73 hp.
You hit the slime creature.
The slime creature is almost dead.
The jelly jiggles.
The slime creature hits you but does no damage.
You feel better. The slime creature barely misses you.
You regained 8 hp, and now have 21/73 hp.
You feel very mighty all of a sudden. The slime creature barely misses you.
You furiously retaliate!
You headbutt the slime creature!!
You kill the slime creature!
The endoplasm jiggles.
You can now merge with and destroy a victim.
You have reached level 9!
Your experience leads to an increase in your attributes!
Increase (S)trength, (I)ntelligence, or (D)exterity?
You feel stronger.
You regained 2 hp, and now have 23/79 hp.
MP restored: 8 The jelly hits you.
* * * LOW HITPOINT WARNING * * *
The acid corrodes you!
You are splashed with acid!
* * * LOW HITPOINT WARNING * * *
The jelly barely misses you. The jelly hits you.
* * * LOW HITPOINT WARNING * * *
The acid corrodes you!
You are splashed with acid!
* * * LOW HITPOINT WARNING * * *
There is an open door here.
You take 18 damage, and have 5/79 hp.
MASSIVE DAMAGE!!
You slash the jelly!
Your hands burn!
* * * LOW HITPOINT WARNING * * *
You headbutt the jelly.
You kill the jelly!
You slash the jelly!
Your hands burn!
You die...

#.# ##+# #.# ##...#
##.# ##..... ##..#
##......
####...####.......
#.........+.......
#.##...####.......
#.###.#.## #......
#@# #.##.# ##.....
#J.J##.##.#####...#
#JJJ##.>.....###'##
JJJJJ#.#.###.# #.##
#JJJJJ#.......# #.#.
#..J..#.####..###..#
##...##...........##
#...##.####..#....#
### ##.####..##....


You could see 5 jellies and 11 endoplasms.

Vanquished Creatures
  Grinder (D:5)
  A slime creature (D:6)
  Sigmund (D:4)
  A water moccasin (D:6)
  2 sky beasts
  A black bear (D:2)
  An ice beast (D:5)
  An ogre (D:4)
  A phantom (D:5)
  2 scorpions
  A centaur zombie (D:5)
  2 hounds
  2 jellies (D:6)
  4 bullfrog skeletons
  2 orc priests
  A gnoll shaman (D:4)
  An iguana (D:5)
  Ijyb (D:5)
  5 orc wizards
  5 adders
  9 gnolls
  A shadow imp (D:5)
  An ufetubus (D:5)
  A dart slug (D:4)
  14 orcs
  6 ball pythons
  3 bats
  5 endoplasms
  3 hobgoblins
  9 jackals
  2 quokkas
  2 frilled lizards (D:1)
  5 goblins
  8 kobolds
  A quokka skeleton (D:4)
  3 rats
  A spectral orc (D:3)
110 creatures vanquished.

Vanquished Creatures (others)
  6 fungi (D:6)
  3 plants (D:6)
9 creatures vanquished.

Grand Total: 119 creatures vanquished

Notes
Turn   | Place    | Note
-------+----------+-------------------------------------------
     0 | D:1      | tatocazan the Minotaur Fighter began the quest for the Orb.
     0 | D:1      | Reached XP level 1. HP: 19/19 MP: 0/0
   183 | D:1      | Reached XP level 2. HP: 2/27 MP: 1/1
   517 | D:1      | Reached skill level 3 in Axes
   913 | D:2      | Reached XP level 3. HP: 33/33 MP: 2/2
  1065 | D:2      | Noticed a black bear
  1070 | D:2      | Killed a black bear
  1071 | D:2      | Reached skill level 4 in Axes
  1071 | D:2      | Reached XP level 4. HP: 41/41 MP: 3/3
  1085 | D:2      | Found a faded altar of an unknown god.
  1245 | D:2      | Reached XP level 5. HP: 47/47 MP: 4/4
  1934 | D:3      | Found a basalt altar of Yredelemnul.
  2155 | D:4      | Noticed Sigmund
  2176 | D:4      | Killed Sigmund
  2177 | D:4      | Reached skill level 5 in Axes
  2177 | D:4      | Reached skill level 5 in Shields
  2177 | D:4      | Reached XP level 6. HP: 30/55 MP: 5/5
  2179 | D:4      | Reached skill level 5 in Fighting
  2179 | D:4      | Reached skill level 5 in Armour
  2706 | D:4      | Reached skill level 6 in Axes
  2708 | D:4      | Reached XP level 7. HP: 41/61 MP: 6/6
  3452 | D:4      | Found a stormy altar of Qazlal.
  3565 | D:5      | Entered Level 5 of the Dungeon
  3566 | D:5      | Noticed Ijyb
  3580 | D:5      | Killed Ijyb
  3728 | D:5      | Found a large runed translucent door.
  3733 | D:5      | Found a large runed translucent door.
  3916 | D:5      | Noticed Grinder
  3927 | D:5      | Killed Grinder
  3928 | D:5      | Reached skill level 7 in Axes
  3984 | D:5      | Reached XP level 8. HP: 68/70 MP: 7/7
  4412 | D:5      | Reached skill level 8 in Axes
  5013 | D:5      | Found a shimmering blue altar of Sif Muna.
  5129 | D:5      | Found a hide-covered altar of Uskayaw.
  5134 | D:5      | Became a worshipper of Uskayaw the Reveller
  5164 | D:6      | Reached * piety under Uskayaw
  5176 | D:6      | Reached ** piety under Uskayaw
  5693 | D:6      | Reached skill level 9 in Axes
  5822 | D:6      | Noticed a slime creature
  5834 | D:6      | Reached *** piety under Uskayaw
  5840 | D:6      | Reached **** piety under Uskayaw
  5846 | D:6      | Killed a slime creature
  5846 | D:6      | Reached ***** piety under Uskayaw
  5847 | D:6      | Reached XP level 9. HP: 23/79 MP: 8/8
  5848 | D:6      | HP: 2/79 [acid (3)]
  5848 | D:6      | Splashed by a jelly's acid

Illustrated notes

Levels and vault maps discovered:
D:1:      saegor_arrival_simple_d, layout_basic
D:2:      layout_loops_cross, shapermc_ecumenical_altar_notcrosses
D:3:      layout_loops_cross, yredelemnul_forgotten_temple_becter
D:4:      layout_rooms, mainiacjoe_overflow_boulevard, uniq_sigmund
D:5:      layout_loops_ring, jmf_multi_god_temple2,
          nicolae_sif_muna_little_library, uniq_grinder, uniq_ijyb
D:6:      lemuel_slime, layout_loops_corners, grunt_ministairs_6,
          serial_bayou_lagoon_b, uniq_menkaure

Skill      XL: |  1  2  3  4  5  6  7  8 |
---------------+-------------------------+-----
Axes           | 3 4 5 6 7 9 |  9.3
Shields        | 4 5 6 7 |  7.3
Armour         | 4 5 6 7 |  7.3
Fighting       | 4 5 6 7 |  7.3

Action                   |  1- 3 |  4- 6 |  7- 9 || total
-------------------------+-------+-------+-------++-------
Melee: War axe           |    48 |    84 |   200 ||   332
       Headbutt          |     4 |     6 |    39 ||    49
  Use: Potion            |       |       |     2 ||     2
 Stab: Paralysed         |       |       |     1 ||     1
Armor: Scale mail        |    28 |     1 |       ||    29
       Chain mail        |       |    57 |    94 ||   151
Dodge: Dodged            |    14 |    20 |    51 ||    85
Block: Kite shield       |    24 |    56 |   105 ||   185

Table legend: (Time is in decaauts)
 A = Elapsed time spent in this place.
 B = Non-inter-level travel time spent in this place.
 C = Inter-level travel time spent in this place.
 D = Time resting spent in this place.
 E = Time spent auto-exploring this place.
 F = Levels seen in this place.
 G = Mean time per level.
                   A        B        C        D        E       F      G
               +--------+--------+--------+--------+--------+-----+--------+
         Total |   5973 |   5824 |    149 |   1635 |   3406 |   6 |  995.5 |
       Dungeon |   5973 |   5824 |    149 |   1635 |   3406 |   6 |  995.5 |
               +--------+--------+--------+--------+--------+-----+--------+

Top non-repeatable levels by time:
     D:5: 1625 daAuts
     D:4: 1472 daAuts
     D:1: 920 daAuts
     D:6: 699 daAuts
     D:2: 683 daAuts
     D:3: 572 daAuts
